 Dungeon Crawl Stone Soup version 0.28-a0-706-gf6f64a616a (webtiles) character file.

Game seed: 5656974916459335445

7305 Twinkles the Basher (level 11, -6/90 HPs)
             Began as a Human Berserker on Oct 24, 2021.
             Was an Elder of Trog.
             Killed from afar by Maurice (37 damage)
             ... with a bolt of acid
             ... on level 8 of the Dungeon.
             The game lasted 00:42:52 (12028 turns).

Twinkles the Basher (Human Berserker)              Turns: 12028, Time: 00:42:53

Health: -6/90      AC:  9    Str: 27    XL:     11   Next: 34%
Magic:  11/11      EV:  9    Int:  7    God:    Trog [****..]
Gold:   0          SH:  8    Dex: 19    Spells: 10/10 levels left

rFire   . . .      SeeInvis .   X - +4 morningstar (flame)
rCold   + . .      Faith    .   I - +0 kite shield
rNeg    . . .      Spirit   .   P - +1 chain mail {rC+}
rPois   .          Reflect  .   (no helmet)
rElec   .          Harm     .   (no cloak)
rCorr   .          Rampage  .   C - +0 pair of gloves
Will    .....                   G - +2 pair of boots {Fly}
Stlth   ..........              l - amulet of regeneration
HPRegen 1.25/turn               h - +6 ring of dexterity
MPRegen 0.12/turn               v - +6 ring of strength

@: about to teleport, corroded, on berserk cooldown, flying, slowed, very slow
A: no striking features
a: Renounce Religion, Berserk, Trog's Hand, Brothers in Arms


You were on level 8 of the Dungeon.
You worshipped Trog.
Trog was greatly pleased with you.
You visited 1 branch of the dungeon, and saw 8 of its levels.
You also visited: Sewer.

You collected 312 gold pieces.
You spent 312 gold pieces at shops.

Inventory:

Hand Weapons
 a - a +0 mace
 r - a +0 flail
 z - a +0 dagger
 D - a +0 whip of electrocution
 W - a +0 antimagic whip
 X - a +4 morningstar of flaming (weapon)
Missiles
 c - 3 javelins
 q - 3 silver javelins
 s - 266 stones (quivered)
 u - 4 boomerangs
 y - 42 sling bullets
 K - 37 poisoned darts
 Q - 4 atropa-tipped darts
 R - 5 silver boomerangs
Armour
 b - a +0 animal skin
 e - a +0 leather armour
 k - a +1 scale mail
 o - a +0 helmet
 C - a +0 pair of gloves (worn)
 F - a +0 troll leather armour
 G - a +2 pair of boots of flying (worn)
 I - a +0 kite shield (worn)
 P - a +1 chain mail of cold resistance (worn)
Jewellery
 h - a +6 ring of dexterity (left hand)
 l - an amulet of regeneration (around neck)
 m - a ring of protection from cold
 v - a +6 ring of strength (right hand)
Wands
 j - a wand of polymorph (4)
 p - a wand of paralysis (11)
Scrolls
 d - a scroll of fear {unknown}
 f - a scroll of noise
 g - a scroll of magic mapping {unknown}
 i - a scroll of amnesia {unknown}
 t - 2 scrolls of fog {unknown}
 w - a scroll of blinking {unknown}
 M - a scroll of vulnerability {unknown}
 S - 3 scrolls of enchant armour
 V - a scroll of holy word {unknown}
 Y - 7 scrolls of teleportation
 Z - a scroll of identify
Potions
 x - a potion of invisibility {unknown}
 A - 4 potions of attraction
 B - a potion of degeneration {unknown}
 E - a potion of brilliance
 H - 2 potions of haste
 J - 5 potions of curing
 L - 2 potions of flight
 N - 3 potions of heal wounds
 O - a potion of ambrosia {unknown}
 T - a potion of berserk rage {unknown}
 U - 2 potions of mutation


   Skills:
 + Level 9.8 Fighting
 + Level 9.8 Maces & Flails
 + Level 9.5 Armour
 - Level 5.6 Dodging


You had 10 spell levels left.
You didn't know any spells.
Your spell library was empty.

Dungeon Overview and Level Annotations

Branches:
Dungeon (8/15)             Temple (0/1) D:5           Sewer (visited)
   Lair: D:8-11

Altars:
Cheibriados
Fedhas
Kikubaaqudgha
Ru
Sif Muna
The Shining One

Shops:
D:4 ?=[   D:6 *   D:8 :

Annotations:
D:4 1 runed translucent door, Crazy Yiuf
D:8 Maurice


Message History

Maurice mumbles some strange words.
Maurice flickers and vanishes!
Deactivating autopickup; reactivate with Ctrl-A.
You recover from your berserk rage.
You hear a zap.
A bolt of acid appears from out of thin air!
The bolt of acid hits you!
You feel the effects of Trog's Hand fading.
You see here +0 steam dragon scales.
You hear a zap.
A bolt of acid appears from out of thin air!
The bolt of acid hits you!! The acid corrodes you!
Your skin stops crawling.
You feel less strong-willed.
You barely miss something. You block something's attack.
A red film seems to cover your vision as you go berserk!
You feel yourself moving faster!
You feel mighty!
You hear a zap.
A bolt of acid appears from out of thin air!
The bolt of acid hits you!!
You sock something! You burn something. Something hits you.
Something steals your scroll labelled JAL LEAPSASMI!
You closely miss something. Something hits you.
Something steals 326 gold pieces!
You now have 0 gold pieces.
You closely miss something. Something hits you but does no damage.
You puncture something! You burn something. You block something's attack.
You closely miss something.
You hear some strange, mumbled words.
You feel a strong urge to attack something.
You are no longer berserk.
You are exhausted.
You feel yourself slow down.
You hear a zap.
A bolt of acid appears from out of thin air!
The bolt of acid hits you!! The acid corrodes you!
As you read the scroll of teleportation, it crumbles to dust.
You feel strangely unstable.
You hear a zap.
A bolt of acid appears from out of thin air!
The bolt of acid hits you!!!
You die...

#...........# #.# ###.####
#...........# #.# #.#
#...$ยง......# #.# #)#
#.........{.# #.# #.#
##.########.# #)# #.# #.
#.# #.#########.####
#####.### #...............
#.....[)#############.####
.......{...@..........#.#
###.#########..######.#.#
# #..######.#.#
#..#........#
#######..#.####.#.#
...........# #.#.#
#######.##.# #.#.# ######
#####


There were no monsters in sight!

Vanquished Creatures
  A two-headed ogre (D:7)
  An ugly thing (D:7)
  3 centaur zombies
  Maggie (D:8)
  A troll (D:6)
  Grinder (D:4)
  Sigmund (D:2)
  A wraith (D:7)
  A steam dragon (D:7)
  Menkaure (D:4)
  3 water moccasins
  3 orc warriors
  2 sky beasts
  A black bear (D:5)
  An ice beast (D:7)
  4 necrophages (D:6)
  5 ogres
  5 centaurs
  3 kobold brigands
  2 bullfrogs (D:7)
  A gnoll sergeant (D:8)
  5 wyvern zombies
  4 scorpions
  A killer bee (D:7)
  6 wights
  6 electric eels (D:7)
  2 bullfrog zombies (D:6)
  4 hounds
  3 jellies
  A human zombie (D:6)
  2 orc priests
  Terence (D:2)
  Jessica (D:2)
  5 centaur skeletons (D:7)
  An iguana (D:7)
  6 orc wizards
  2 hound zombies (D:5)
  3 mummies (D:6)
  8 gnolls
  9 adders
  A shadow imp (D:6)
  A white imp (D:6)
  An adder zombie (D:5)
  2 adder skeletons (D:4)
  2 worms (D:2)
  22 orcs
  8 bats
  4 endoplasms
  14 giant cockroaches
  8 goblins
  11 hobgoblins
  4 jackals (D:2)
  2 quokkas (D:1)
  9 ball pythons
  9 frilled lizards
  14 kobolds
  5 rats
229 creatures vanquished.

Vanquished Creatures (others)
  59 plants (D:7)
59 creatures vanquished.

Grand Total: 288 creatures vanquished

Notes
Turn   | Place    | Note
-------+----------+-------------------------------------------
     0 | D:1      | Twinkles the Human Berserker began the quest for the Orb.
     0 | D:1      | Reached XP level 1. HP: 18/18 MP: 1/1
   116 | D:1      | Reached XP level 2. HP: 24/24 MP: 2/2
   543 | D:1      | Reached XP level 3. HP: 28/29 MP: 3/3
  1144 | D:2      | Noticed Terence
  1159 | D:2      | Killed Terence
  1160 | D:2      | Reached XP level 4. HP: 18/35 MP: 4/4
  1304 | D:2      | Found a faded altar of an unknown god.
  1352 | D:2      | Noticed Jessica
  1353 | D:2      | Reached ** piety under Trog
  1361 | D:2      | Killed Jessica
  1362 | D:2      | Reached XP level 5. HP: 42/42 MP: 5/5
  1453 | D:2      | Noticed Sigmund
  1470 | D:2      | Killed Sigmund
  1471 | D:2      | Reached XP level 6. HP: 48/48 MP: 6/6
  2115 | D:3      | Found a snail-covered altar of Cheibriados.
  2211 | D:3      | Found a glowing drain.
  2236 | Sewer    | Entered a sewer
  2271 | Sewer    | Noticed a water moccasin
  2286 | Sewer    | Killed a water moccasin
  2287 | Sewer    | Reached XP level 7. HP: 55/55 MP: 7/7
  2473 | D:3      | You fall into a shaft and drop 3 floors!
  2639 | D:6      | Found Qataisaf's General Store.
  2710 | D:5      | Entered Level 5 of the Dungeon
  2714 | D:5      | Found a shimmering blue altar of Sif Muna.
  2894 | D:5      | Reached skill level 5 in Fighting
  2894 | D:5      | Reached skill level 5 in Maces & Flails
  3050 | D:5      | Reached XP level 8. HP: 62/62 MP: 8/8
  3513 | D:5      | Reached skill level 5 in Armour
  3513 | D:5      | Reached skill level 5 in Dodging
  3629 | D:4      | Found Bufouf's Magic Scroll Shop.
  3632 | D:4      | Bought a scroll of teleportation for 33 gold pieces
  3877 | D:3      | Found a blossoming altar of Fedhas.
  3986 | D:3      | Reached *** piety under Trog
  4151 | D:4      | Noticed Menkaure
  4156 | D:4      | Killed Menkaure
  4289 | D:4      | Found a glowing golden altar of the Shining One.
  4488 | D:4      | Found a sacrificial altar of Ru.
  4502 | D:4      | Found Nixol's Armour Emporium.
  4544 | D:4      | Noticed Grinder
  4555 | D:4      | Killed Grinder
  4556 | D:4      | Reached XP level 9. HP: 69/69 MP: 9/9
  5018 | D:4      | Found Gofy's Jewellery Shoppe.
  5231 | D:4      | Found a runed translucent door.
  5232 | D:4      | Noticed Crazy Yiuf
  5762 | D:5      | Found a staircase to the Ecumenical Temple.
  6191 | D:6      | Noticed a troll
  6203 | D:6      | Killed a troll
  6634 | D:6      | Bought a +2 pair of boots of flying for 279 gold pieces
  7103 | D:6      | Found an ancient bone altar of Kikubaaqudgha.
  7292 | D:6      | Reached XP level 10. HP: 79/79 MP: 10/10
  8223 | D:7      | Noticed a two-headed ogre
  9349 | D:6      | Reached **** piety under Trog
  9590 | D:7      | Noticed a purple ugly thing
  9605 | D:7      | Killed a purple ugly thing
 10059 | D:7      | Reached XP level 11. HP: 89/89 MP: 11/11
 10599 | D:7      | Killed a two-headed ogre
 10941 | D:8      | Found Efihuras's Book Boutique.
 11951 | D:8      | Noticed Maggie
 11963 | D:8      | Killed Maggie
 12001 | D:8      | Noticed Maurice
 12028 | D:8      | Killed from afar by Maurice

Illustrated notes

Levels and vault maps discovered:
D:1:      lightli_arrival_lavapool, layout_basic, st_stairs_12,
          minmay_crystal_room, minmay_misc_feat_cross, minmay_misc_feat_tower,
          serial_park_tiny_pond, minmay_misc_feat_encased, minmay_crystal_water,
          minmay_unequal
D:2:      layout_basic, hellmonk_ecumenical_altar_leap_of_faith, minmay_vboxes,
          uniq_jessica, uniq_terence, uniq_sigmund
D:3:      minmay_roachtagon, layout_rooms, mainiacjoe_overflow_boulevard,
          cheibriados_altar_1, portal_sewer_entry_d, st_stairs_14,
          wander_ebering_terrifying_dragon_lair
D:4:      layout_basic, marbit_many_paths, nicolae_ru_sacrificial_ziggurat,
          serial_shops, nicolae_shop_crystal, shop, nicolae_stop_n_shop_2,
          uniq_grinder, uniq_crazy_yiuf_cottage, uniq_menkaure
D:5:      layout_loops_ring, overflow_temple_1_default,
          minmay_temple_entry_fiery, dk_noncrumbling_3
D:6:      layout_basic, lemuel_mausoleum_altar_kikubaaqudgha, serial_shops,
          nicolae_inconvenience_store, hangedman_decor_slide_cut
D:7:      layout_loops_ring, serial_bayou, serial_bayou_pond_d,
          serial_bayou_pond_a, serial_bayou_pond_e, serial_bayou_lake_a,
          serial_bayou_pond_b, serial_bayou_pond_a, nzn_random_ring
D:8:      layout_basic, serial_shops, nicolae_stop_n_shop_2,
          grunt_decor_fettered, uniq_maurice, uniq_maggie

Skill      XL: |  1  2  3  4  5  6  7  8  9 10 11 |
---------------+----------------------------------+-----
Armour         | 3 4 5 7 8 9 |  9.5
Fighting       | 4 5 7 9 |  9.8
Maces & Flails | 4 5 7 9 |  9.8
Dodging        | 3 4 5 |  5.6

Action                   |  1- 3 |  4- 6 |  7- 9 | 10-12 || total
-------------------------+-------+-------+-------+-------++-------
Melee: Mace              |    67 |       |       |       ||    67
       Flail             |       |   125 |   132 |       ||   257
       Whip              |       |       |   154 |   402 ||   556
       Morningstar       |       |       |       |     6 ||     6
Invok: Berserk           |     5 |     3 |    17 |    19 ||    44
       Trog's Hand       |       |     2 |     3 |     6 ||    11
  Use: Scroll            |       |     1 |       |     7 ||     8
 Stab: Sleeping          |     1 |       |       |       ||     1
Armor: Animal skin       |     4 |       |       |       ||     4
       Leather armour    |     9 |       |       |       ||     9
       Scale mail        |       |    59 |    81 |   118 ||   258
       Chain mail        |       |       |       |    63 ||    63
Dodge: Dodged            |    47 |    99 |   144 |   137 ||   427
Block: Kite shield       |       |       |    23 |   122 ||   145

Table legend: (Time is in decaauts)
 A = Elapsed time spent in this place.
 B = Non-inter-level travel time spent in this place.
 C = Inter-level travel time spent in this place.
 D = Time resting spent in this place.
 E = Time spent auto-exploring this place.
 F = Levels seen in this place.
 G = Mean time per level.
                   A        B        C        D        E       F      G
               +--------+--------+--------+--------+--------+-----+--------+
         Total |  12467 |  11648 |    819 |   3606 |   5773 |   9 | 1385.2 |
       Dungeon |  12237 |  11418 |    819 |   3491 |   5705 |   8 | 1529.6 |
         Sewer |    230 |    230 |      0 |    115 |     68 |   1 |  230.0 |
               +--------+--------+--------+--------+--------+-----+--------+

Top non-repeatable levels by time:
     D:7: 2785 daAuts
     D:6: 2480 daAuts
     D:5: 1668 daAuts
     D:8: 1150 daAuts
     D:4: 1143 daAuts
     D:1: 1126 daAuts
     D:2: 1011 daAuts
     D:3: 869 daAuts
   Sewer: 230 daAuts
